 Seeded DCSS version 0.30-a0-341-g682706514a (webtiles) character file.

Game seed: 7130546335830651708 (custom seed)

35625 purpskrrrp the Thaumaturge (level 14, 0/112 HPs)
             Began as a Djinni Earth Elementalist on Nov 5, 2022.
             Was a High Priest of Ashenzari.
             Killed from afar by an oklob plant (30 damage)
             ... with a splash of acid
             ... on level 4 of the Lair of Beasts.
             The game lasted 01:14:50 (17139 turns).

purpskrrrp the Thaumaturge (DjEE)                  Turns: 17139, Time: 01:14:51

Health: 0/112      AC:  2    Str: 11    XL:     14   Next: 19%
Gold:   1133       EV: 20    Int: 26    God:    Ashenzari [*****.] SH:  5 Dex: 20

rFire   + + .      SeeInvis +    H - +6 lajatang of the Chained Moon {speed, Self, Fort} (curse)
rCold   . . .      Faith    .    (shield currently unavailable)
rNeg    . . .      Spirit   .    j - +2 robe {rC+}
rPois   ∞          Reflect  +    I - +1 helmet of Cremastomancy {Self, Range} (curse)
rElec   .          Harm     .    u - +0 cloak
rCorr   .          Rampage  .    o - +2 pair of gloves "Share My Doubts" {Evo, Self} (curse)
Will    +....      Clarity  +    (boots unavailable)
Stlth   +++.......               z - amulet of Ashenzari's Seeker {Reflect SH+5, Self, Melee} (curse)
HPRegen 0.38/turn                d - ring "Circumscribed Together" {Int+6 Slay+3, Cun, Fort} (curse)
MPRegen 0.00/turn                g - ring "Cursed Malaise" {Dex+6, Self, Fort} (curse)

@: corroded, flying
A: sickness immunity, fire resistance 2, cold vulnerability 1, float, innate
caster, HP casting, extra vitality 1, iridescent scales 1, strong 1, evolution 1
a: Renounce Religion, Shatter the Chains


You were on level 4 of the Lair of Beasts.
You worshipped Ashenzari.
Ashenzari was extremely pleased with you.
You visited 3 branches of the dungeon, and saw 16 of its levels.
You also visited: Bailey, Gauntlet and Volcano.

You collected 1997 gold pieces.
You spent 864 gold pieces at shops.

Inventory:

Hand Weapons
 k - a +0 flail of venom
 y - a +5 quarterstaff of speed
 H - the cursed +6 lajatang of the Chained Moon (weapon) {speed, Self, Fort}
   (You bought it in a shop on level 10 of the Dungeon)

   Attacks with this weapon are significantly faster.
   It has a curse which improves the following skills: Introspection: Fighting
   and Spellcasting.
   Fortitude: Armour and Shields.
Missiles
 N - 2 silver javelins
Armour
 a - a +0 robe
 e - a +2 kite shield of cold resistance
 j - a +2 robe of cold resistance (worn)
 n - a +2 hat
 o - the cursed +2 pair of gloves "Share My Doubts" (worn) {Evo, Self}
   (You found it on level 3 of the Dungeon)

   It has a curse which improves the following skills: Evocations: Evocations.
   Introspection: Fighting and Spellcasting.
 u - a +0 cloak (worn)
 G - a +3 plate armour of positive energy
 I - the cursed +1 helmet of Cremastomancy (worn) {Self, Range}
   (You found it on level 10 of the Dungeon)

   It has a curse which improves the following skills: Introspection: Fighting
   and Spellcasting.
   Ranged Combat: Ranged Weapons and Throwing.
 M - a +2 buckler of fire resistance
Magical Staves
 l - a staff of earth
 F - a staff of conjuration
Jewellery
 c - an amulet of regeneration
 d - the cursed ring "Circumscribed Together" (left hand) {Int+6 Slay+3, Cun, Fort}
   (You acquired it on level 1 of the Dungeon)

   [ring of intelligence]

   Int:       It affects your intelligence (+6).
   Slay:      It affects your accuracy & damage with ranged weapons and melee
   (+3).
   It has a curse which improves the following skills: Cunning: Dodging and
   Stealth.
   Fortitude: Armour and Shields.
 g - the cursed ring "Cursed Malaise" (right hand) {Dex+6, Self, Fort}
   (You found it on level 1 of the Dungeon)

   [ring of dexterity]

   Dex:       It affects your dexterity (+6).
   It has a curse which improves the following skills: Introspection: Fighting
   and Spellcasting.
   Fortitude: Armour and Shields.
 m - a +6 ring of dexterity
 z - the cursed amulet of Ashenzari's Seeker (around neck) {Reflect SH+5, Self, Melee}
   (You found it on level 6 of the Dungeon)

   [amulet of reflection]

   It reflects blocked missile attacks.
   SH:        It affects your SH (+5).
   It has a curse which improves the following skills: Introspection: Fighting
   and Spellcasting.
   Melee Combat: Short Blades, Long Blades, Axes, Maces & Flails, Polearms,
   Staves and Unarmed Combat.
 B - the ring "Ophufrun" {rF+ rC+ rCorr Str+3 Slay+3}
   (You found it in a Gauntlet)

   [ring of protection from cold]

   Str:       It affects your strength (+3).
   Slay:      It affects your accuracy & damage with ranged weapons and melee
   (+3).
   rF:        It protects you from fire.
   rC:        It protects you from cold.
   rCorr:     It protects you from acid and corrosion.
 D - a +6 ring of dexterity
 E - the ring "Yrhunibb" {rElec rCorr EV+4 Int+4 Dex-4}
   (You found it on level 9 of the Dungeon)

   [ring of evasion]

   EV:        It affects your evasion (+4).
   Int:       It affects your intelligence (+4).
   Dex:       It affects your dexterity (-4).
   rElec:     It insulates you from electricity.
   rCorr:     It protects you from acid and corrosion.
 O - the ring of Midsummer {Drain Fly rCorr EV+4}
   (You found it in a Gauntlet)

   [ring of evasion]

   EV:        It affects your evasion (+4).
   Fly:       It grants you flight.
   rCorr:     It protects you from acid and corrosion.
   Drain:     It drains your maximum health when unequipped.
Wands
 p - a wand of flame (30)
 t - a wand of acid (14)
 v - a wand of polymorph (5)
 L - a wand of paralysis (8)
Scrolls
 h - 2 scrolls of silence
 i - a scroll of magic mapping
 s - 2 scrolls of butterflies
 A - 5 scrolls of teleportation
 J - a scroll of immolation
 K - a scroll of brand weapon
 P - 2 scrolls of enchant weapon
Potions
 b - 2 potions of lignification
 f - 3 potions of might
 q - a potion of heal wounds
 r - 4 potions of cancellation
 w - 10 potions of curing
 x - 4 potions of resistance
 C - a potion of mutation


   Skills:
 - Level 8.6(14.9) Fighting
 + Level 8.3(10.7) Staves
 + Level 6.6(11.1) Armour
 - Level 9.7(12.0) Dodging
 - Level 1.5(3.1) Stealth
 * Level 12.2(18.6) Spellcasting
 + Level 6.6(9.0) Evocations


You had 21 spell levels left.
You knew the following spells:

 Your Spells              Type           Power      Damage    Failure   Level
a - Sandblast             Erth           100%       2d20      0%          1
b - Passwall              Tmut/Erth      73%        N/A       0%          2
c - Stone Arrow           Conj/Erth      100%       3d13      0%          3
d - Petrify               Tmut/Erth      88%        N/A       0%          4
e - Freeze                Ice            100%       1d10      0%          1
f - Scorch                Fire           100%       2d10      0%          2
g - Tukima's Dance        Hex            88%        N/A       0%          3
h - Call Canine Familiar  Summ           88%        N/A       0%          3
i - Metabolic Englaciati  Hex/Ice        44%        N/A       1%          5
j - Lightning Bolt        Conj/Air       44%        1d63      1%          5
Your spell library was empty.

Dungeon Overview and Level Annotations

Branches:
Dungeon (11/15)            Temple (1/1) D:6            Lair (4/5) D:8
  Swamp (0/4) Lair:2       Spider (0/4) Lair:2        Slime (0/5) Lair:4
    Orc (0/2) D:10         Bailey (visited)         Volcano (visited)
Gauntlet (visited)

Altars:
Ashenzari
Cheibriados
Dithmenos
Elyvilon
Fedhas
Gozag
Hepliaklqana
Makhleb
Nemelex Xobeh
Okawaru
Qazlal
Ru
Trog
Uskayaw
Wu Jian
Xom
Yredelemnul
Zin
The Shining One
Jiyva

Shops:
D:4 [   D:10 [(

Annotations:
Lair:4 exclusion: 3 oklob plants


Innate Abilities, Weirdness & Mutations

You are immune to sickness and miasma.
You are immune to poison.
Your flesh is very heat resistant. (rF++)
You are vulnerable to cold. (rC-)
You float through the air rather than walking.
You learn spells naturally, not from books.
Your magical power is your life essence.
You have superior vitality. (+4 MHP)
You are partially covered in iridescent scales. (AC +2)
Your muscles are strong. (Str +4, Int/Dex -1)
You have hidden genetic potential.


Message History

Urug completely misses you.
Urug hits your warg with a +2 vorpal war axe!
You slash Urug!
Urug is almost dead.
Your warg barely misses Urug.
You slice Urug!!
You kill Urug!
A water moccasin comes into view.
Items here: ( ) [ †.
The stone arrow hits the water moccasin!
The water moccasin is heavily wounded.
You slice the water moccasin!!
You kill the water moccasin!
No target in view!
No target in view!
You swap places.
Items here: ( ) [ †.
Okay, then. 2 oklob plants come into view.
Found a viscous altar of Jiyva.
Found a staircase to the Slime Pits.
Marking area around 2 oklob plants as unsafe for travelling.
An oklob plant comes into view.
The oklob plant spits acid at you. The splash of acid hits you.
The acid corrodes you!
Marking area around an oklob plant as unsafe for travelling.
The oklob plant spits acid at you. The splash of acid hits you.
The acid corrodes you! The oklob plant spits acid at you.
The splash of acid hits you!! The oklob plant spits acid at you.
The splash of acid hits you!! The oklob plant spits acid at you.
The splash of acid misses you. The oklob plant spits acid at you.
The splash of acid hits you!!
* * * LOW HITPOINT WARNING * * *
The acid corrodes you! The oklob plant spits acid at you.
The splash of acid hits you!!
You die...

..§§§§#...#..####. , , ,,,
.###§###.##..# *,....... ,, ,
###### ###...# ##........ , *
.....#####...# #.......... ,
* **
......#.##...###....P..... *
...............#..P>P....., *
...............#..........,,
.....#....#.#..#....Y..... *
...####....##...@.h....... *
....##....P##.............,,*
....###...###.............
...##.....#..##.....#.....*
...##..........###..#*...., *
....##†....#..## #..##...., *
....##.##~~##..# #........ ,
*
.....).#~~~~#..###........,,
, **
.......~~~~~#...#.#.......,,


You could see an elephant, 3 oklob plants and a friendly warg (summoned).

Vanquished Creatures
  A minotaur (Gauntlet)
  Harold (Lair:1)
  Erica (D:8)
  A boulder beetle (D:10)
  9 death yaks (Lair:4)
  Urug (Lair:4)
  A fire crab (Volcano)
  An orb spider (Lair:2)
  2 lindwurms
  2 bog bodies (Lair:2)
  The ghost of FizzleBangTC the Geomancer, a novice MeEE of Vehumet (D:7)
  9 elephants
  A torpor snail (Lair:2)
  An orange demon (Gauntlet)
  A black mamba (Lair:2)
  3 cane toads
  2 rime drakes
  A minotaur zombie (Gauntlet)
  4 komodo dragons
  2 trolls
  A polar bear (Lair:4)
  Grinder (D:4)
  10 blink frogs
  A vampire (D:10)
  A wraith (D:9)
  3 centaur simulacra (Gauntlet)
  A shadow (D:9)
  4 wyverns
  3 basilisks (Lair:1)
  4 fire bats (Volcano)
  19 yaks
  2 steam dragons
  Menkaure (D:4)
  2 hell hounds (Volcano)
  10 water moccasins
  6 orc warriors
  2 ice beasts (D:7)
  2 black bears
  A sky beast (D:7)
  An ogre (D:5)
  5 wolves
  A centaur (D:7)
  4 kobold brigands (Bailey)
  3 gnoll sergeants
  8 bullfrogs
  2 necrophages
  2 scorpions
  3 wights (D:8)
  A hornet simulacrum (Gauntlet)
  A howler monkey (D:5)
  An orc priest (D:4)
  5 hounds
  A gnoll bouda (D:8)
  4 jellies
  6 hell rats (Lair:4)
  3 iguanas
  6 orc wizards
  20 gnolls
  13 adders
  2 white imps (D:7)
  An ufetubus (D:7)
  A dart slug (D:2)
  26 orcs
  A bat (D:3)
  19 endoplasms
  3 giant cockroaches
  10 hobgoblins
  22 kobolds
  5 ball pythons
  A frilled lizard (D:2)
  6 goblins
  2 rats
308 creatures vanquished.

Vanquished Creatures (collateral kills)
  A green death (Gauntlet)
  A two-headed ogre (D:10)
  An orange demon (Gauntlet)
  2 cane toads (Lair:1)
  A troll (D:10)
  A polar bear (shapeshifter) (Gauntlet)
  3 blink frogs
  6 yaks (Lair:3)
  A wolf (Lair:3)
  2 kobold brigands (Bailey)
  A bullfrog (Lair:1)
  A hell rat (Lair:4)
21 creatures vanquished.

Vanquished Creatures (others)
  27 fungi
  55 plants
  4 toadstools (D:4)
86 creatures vanquished.

Grand Total: 415 creatures vanquished

Notes
Turn   | Place    | Note
-------+----------+-------------------------------------------
     0 | D:1      | purpskrrrp the Djinni Earth Elementalist began the quest
                  | for the Orb.
     0 | D:1      | purpskrrrp set off with the following spells memorised:
                  | Sandblast, Passwall, Stone Arrow, Petrify.
     0 | D:1      | Reached XP level 1. HP: 15/15 MP: 0/0
    68 | D:1      | Identified a scroll of acquirement
    68 | D:1      | Acquired the ring "Hegauck" {Int+6 Slay+3}
   104 | D:1      | Reached XP level 2. HP: 21/22 MP: 0/0
   550 | D:2      | Reached skill level 1 in Fighting
   550 | D:2      | Reached XP level 3. HP: 25/27 MP: 0/0
   550 | D:2      | Learned a level 1 spell: Freeze
   570 | D:2      | Reached skill level 3 in Spellcasting
   646 | D:2      | Reached XP level 4. HP: 31/32 MP: 0/0
  1540 | D:3      | Found a faded altar of an unknown god.
  1638 | D:3      | Prayed at the altar of an unknown god.
  1638 | D:3      | Became a worshipper of Ashenzari the Shackled
  1746 | D:3      | Reached XP level 5. HP: 35/38 MP: 0/0
  1746 | D:3      | Learned a level 2 spell: Scorch
  2091 | D:4      | Noticed Menkaure
  2096 | D:4      | Noticed a black bear
  2098 | D:4      | Killed Menkaure
  2099 | D:4      | Reached skill level 4 in Spellcasting
  2099 | D:4      | Reached XP level 6. HP: 43/45 MP: 0/0
  2103 | D:4      | Killed a black bear
  2104 | D:4      | Reached XP level 7. HP: 29/50 MP: 0/0
  2104 | D:4      | Learned a level 3 spell: Tukima's Dance
  2199 | D:4      | Found a blossoming altar of Fedhas.
  2202 | D:4      | Found a glowing silver altar of Zin.
  2402 | D:4      | Found Cake's Armour Emporium.
  2866 | D:4      | Noticed Grinder
  2872 | D:4      | Killed Grinder
  2873 | D:4      | Reached skill level 5 in Dodging
  2873 | D:4      | Reached skill level 5 in Spellcasting
  2873 | D:4      | Reached XP level 8. HP: 42/58 MP: 0/0
  3060 | D:4      | Found a hazy altar of Hepliaklqana.
  3299 | D:5      | Entered Level 5 of the Dungeon
  3521 | D:5      | Found an iron altar of Okawaru.
  4113 | D:5      | Reached * piety under Ashenzari
  4640 | D:6      | Found a staircase to the Ecumenical Temple.
  4656 | D:6      | Reached skill level 6 in Spellcasting
  4759 | Temple   | Entered the Ecumenical Temple
  4895 | D:6      | Reached XP level 9. HP: 63/66 MP: 0/0
  4895 | D:6      | Learned a level 3 spell: Call Canine Familiar
  4901 | D:6      | Reached skill level 5 in Fighting
  5227 | D:6      | Reached ** piety under Ashenzari
  6147 | D:7      | Found a large runed translucent door.
  6147 | D:7      | Found a large runed translucent door.
  6202 | D:7      | Found a shadowy altar of Dithmenos.
  6539 | D:7      | Reached skill level 7 in Spellcasting
  6663 | D:7      | Noticed FizzleBangTC's ghost (novice MeEE)
  7054 | D:7      | Killed FizzleBangTC's ghost
  7055 | D:7      | Reached skill level 1 in Staves
  7248 | D:8      | Found a flagged portal.
  7261 | Bailey   | Entered a bailey
  7309 | Bailey   | Reached XP level 10. HP: 51/76 MP: 0/0
  7539 | Bailey   | Found a bloodstained altar of Trog.
  7702 | D:8      | Found a staircase to the Lair.
  8133 | D:8      | Found an ornate altar of the Wu Jian Council.
  8193 | D:8      | Reached skill level 8 in Spellcasting
  8210 | D:8      | Found an opulent altar of Gozag.
  8263 | D:8      | Noticed Erica
  8278 | D:8      | Killed Erica
  8294 | D:8      | Gained mutation: Your body sometimes deteriorates upon
                  | taking damage. [potion of mutation]
  8294 | D:8      | Gained mutation: You have a somewhat thin skeletal
                  | structure. (Dex +2, Stealth+) [potion of mutation]
  8382 | D:8      | Reached *** piety under Ashenzari
  8880 | D:9      | Identified Rilogyaz's Primer on Witchery
  8955 | D:9      | Identified the ring "Yrhunibb" {rElec rCorr EV+4 Int+4
                  | Dex-4}
  9239 | D:9      | Found a shimmering altar of Xom.
  9240 | D:9      | Found a shimmering altar of Xom.
  9240 | D:9      | Found a shimmering altar of Xom.
  9240 | D:9      | Found a shimmering altar of Xom.
  9241 | D:9      | Found a shimmering altar of Xom.
  9241 | D:9      | Found a shimmering altar of Xom.
  9241 | D:9      | Found a shimmering altar of Xom.
  9720 | D:10     | Entered Level 10 of the Dungeon
  9725 | D:10     | Found Saicaul's Armour Shoppe.
  9725 | D:10     | Found a staircase to the Orcish Mines.
  9876 | D:10     | Found Pudwayp's Weapon Shoppe.
  9893 | D:10     | Bought a +5 lajatang of speed for 864 gold pieces
  9966 | D:10     | Reached XP level 11. HP: 70/86 MP: 0/0
  9966 | D:10     | Learned a level 5 spell: Metabolic Englaciation
 10548 | D:10     | Noticed a two-headed ogre
 10559 | D:10     | Killed a two-headed ogre
 10560 | D:10     | Reached skill level 9 in Spellcasting
 10682 | D:11     | Noticed a boulder beetle
 10682 | D:11     | Noticed a deep elf pyromancer
 10682 | D:11     | Noticed a skeletal warrior
 10682 | D:11     | Noticed a tengu warrior
 10682 | D:11     | Noticed an ogre mage
 10684 | D:11     | Noticed a rakshasa
 10688 | D:11     | Noticed a manticore
 10705 | D:10     | Killed a boulder beetle
 11174 | Lair:1   | Entered Level 1 of the Lair of Beasts
 11179 | Lair:1   | Noticed Harold
 11194 | Lair:1   | Killed Harold
 11201 | D:8      | Reached skill level 5 in Staves
 11648 | Lair:1   | Reached XP level 12. HP: 34/95 MP: 0/0
 12597 | Lair:1   | Reached skill level 1 in Armour
 12597 | Lair:1   | Reached skill level 10 in Spellcasting
 12597 | Lair:1   | Reached skill level 1 in Evocations
 13047 | Lair:2   | Found a hole to the Spider Nest.
 13047 | Lair:2   | Noticed an orb spider
 13051 | Lair:2   | Killed an orb spider
 13137 | Lair:2   | Found a staircase to the Swamp.
 13168 | Lair:2   | Reached **** piety under Ashenzari
 13679 | Lair:3   | Found a gate leading to a gauntlet.
 13688 | Gauntlet | Entered a Gauntlet
 13688 | Gauntlet | Found a transporter.
 13688 | Gauntlet | Found a transporter.
 13688 | Gauntlet | Found a transporter.
 13788 | Gauntlet | Found a transporter.
 13791 | Gauntlet | Found a transporter.
 13792 | Gauntlet | Found a transporter.
 13796 | Gauntlet | Noticed a deep troll
 13798 | Gauntlet | Found a transporter.
 13811 | Gauntlet | Found a transporter.
 13812 | Gauntlet | Found a transporter.
 13814 | Gauntlet | Found a transporter.
 13819 | Gauntlet | a deep troll changed into a swamp worm
 13820 | Gauntlet | Found a transporter.
 13820 | Gauntlet | Found a transporter.
 13820 | Gauntlet | Identified the ring "Ophufrun" {rF+ rC+ rCorr Str+3 Slay+3}
 13823 | Gauntlet | Lost mutation: Your body sometimes deteriorates upon taking
                  | damage. [potion of mutation]
 13823 | Gauntlet | Lost mutation: You have a somewhat thin skeletal structure.
                  | (Dex +2, Stealth+) [potion of mutation]
 13823 | Gauntlet | Gained mutation: You sometimes lose your temper in combat.
                  | [potion of mutation]
 13823 | Gauntlet | Lost mutation: You sometimes lose your temper in combat.
                  | [potion of mutation]
 13824 | Gauntlet | Gained mutation: You are very vulnerable to cold. (rC--)
                  | [potion of mutation]
 13824 | Gauntlet | Noticed a green death
 13825 | Gauntlet | Lost mutation: You are very vulnerable to cold. (rC--)
                  | [potion of mutation]
 13825 | Gauntlet | Gained mutation: Your muscles are strong. (Str +4, Int/Dex
                  | -1) [potion of mutation]
 13825 | Gauntlet | Gained mutation: You have hidden genetic potential. [potion
                  | of mutation]
 13827 | Gauntlet | Identified the +0 pair of boots of Entitlement {rElec
                  | Str+2}
 13917 | Gauntlet | Noticed a satyr
 13930 | Gauntlet | Identified the ring of Midsummer {Drain Fly rCorr EV+4}
 14249 | Gauntlet | Killed a green death
 14256 | Gauntlet | Reached XP level 13. HP: 70/103 MP: 0/0
 14256 | Gauntlet | Learned a level 5 spell: Lightning Bolt
 14401 | Gauntlet | Noticed a minotaur
 14454 | Gauntlet | Killed a minotaur
 14455 | Gauntlet | Reached skill level 11 in Spellcasting
 15146 | Lair:3   | Identified the +11 quarterstaff of Itzumei {freeze, Will++
                  | Dex-5 Stlth+}
 15198 | Lair:3   | Reached skill level 5 in Armour
 15198 | Lair:3   | Reached skill level 5 in Evocations
 15597 | Lair:4   | Gained mutation: You are partially covered in iridescent
                  | scales. (AC +2) [hidden potential]
 15883 | Lair:4   | Reached ***** piety under Ashenzari
 16206 | Lair:4   | Found a dark tunnel.
 16214 | Lair:4   | Reached skill level 12 in Spellcasting
 16221 | Volcano  | Entered a volcano
 16403 | Volcano  | Reached XP level 14. HP: 104/112 MP: 0/0
 17080 | Lair:4   | Noticed Urug
 17087 | Lair:4   | Killed Urug
 17135 | Lair:4   | Found a viscous altar of Jiyva.
 17135 | Lair:4   | Found a staircase to the Slime Pits.
 17139 | Lair:4   | Killed from afar by an oklob plant

Illustrated notes

Levels and vault maps discovered:
D:1:      dpeg_arrival_refuge, layout_basic
D:2:      layout_basic
D:3:      layout_rooms, nicolae_vehumet_radiance,
          shapermc_ecumenical_altar_petra
D:4:      cheibrodos_fertilizer, layout_basic, nicolae_hepliaklqana_hazy_memory,
          grunt_temple_overflow_open, kennysheep_windowed_goal, uniq_menkaure,
          uniq_grinder
D:5:      layout_loops_corners, okawaru_ov_weapons_minmay, serial_glass,
          glass_columns_a, glass_columns_c, glass_columns_b, glass_columns_a,
          chequers_serial_rivers_micro_c, grunt_decor_clamped
D:6:      layout_basic, minmay_temple_entry_junction_2, grunt_ministairs_9,
          hangedman_decor_riveting
D:7:      layout_basic, mainiacjoe_overflow_paths, ebering_ghost_disaster_area
D:8:      layout_basic, grunt_gozag_breadcrumbs,
          nicolae_wu_jian_immortal_techniques, dpeg_oklobed_lair,
          enter_bailey_4, uniq_erica
D:9:      minmay_weird_star, layout_long_grid, xom_redecorated
D:10:     layout_roguey, orc_david_3, kennysheep_generic_room_15
D:11:     minmay_ambush_box, layout_stronghold
Temple:   hc_temple_tempest_star
Lair:1:   layout_big_grid, serial_bayou_shore_b, infiniplex_staircase_pool_2,
          lemuel_fruit_tree, grunt_megastairs_4, uniq_harold
Lair:2:   layout_hall_layers, skrybe_swamp_entry_bodies,
          nicolae_spider_entry_orb_guardian
Lair:3:   layout_hall_layers, gauntlet_entry_generic
Lair:4:   layout_gridlike, minmay_slime_entry_oklob_open,
          nicolae_volcano_entry_vermiform, uniq_urug

Skill      XL: |  1  2  3  4  5  6  7  8  9 10 11 12 13 |
---------------+----------------------------------------+-----
Fighting       | 1 2 3 4 6 7 8 |  8.6
Spellcasting   | 3 4 5 6 7 8 9 10 12 | 12.2
Dodging        | 3 4 5 6 7 8 9 |  9.7
Staves         | 1 3 5 6 8 |  8.3
Armour         | 4 6 |  6.6
Evocations     | 4 6 |  6.6
Stealth        | |  1.5

Action                   |  1- 3 |  4- 6 |  7- 9 | 10-12 | 13-15 || total
-------------------------+-------+-------+-------+-------+-------++-------
Melee: Unarmed           |     1 |       |       |       |       ||     1
       Flail             |     3 |    13 |       |       |       ||    16
       Quarterstaff      |       |       |    53 |    61 |       ||   114
       Lajatang          |       |       |       |    53 |   119 ||   172
Throw: Javelin           |       |       |       |     2 |       ||     2
       Throwing net      |       |       |       |     1 |       ||     1
 Cast: Sandblast         |    24 |    35 |     2 |       |       ||    61
       Stone Arrow       |     1 |       |   140 |   188 |    81 ||   410
       Call Canine Famil |       |       |     2 |    11 |    16 ||    29
       Freeze            |       |       |     2 |     1 |       ||     3
       Tukima's Dance    |       |       |       |    17 |       ||    17
       Scorch            |       |       |       |    18 |     4 ||    22
       Metabolic Englaci |       |       |       |     3 |       ||     3
       Lightning Bolt    |       |       |       |       |     9 ||     9
Invok: Curse Item        |       |       |     3 |     2 |     1 ||     6
Evoke: Wand              |       |       |       |       |     3 ||     3
  Use: Scroll            |     1 |       |    13 |     3 |     3 ||    20
       Potion            |       |       |     2 |     5 |     6 ||    13
 Stab: Held in net/web   |       |       |       |     2 |       ||     2
       Distracted        |       |       |       |     1 |     2 ||     3
Armor: Robe              |       |     6 |    12 |    32 |    26 ||    76
Dodge: Dodged            |     5 |    16 |    58 |   153 |    90 ||   322
Block: Other             |       |       |       |    37 |    32 ||    69
       Reflection        |       |       |       |     1 |       ||     1

Table legend: (Time is in decaauts)
 A = Elapsed time spent in this place.
 B = Non-inter-level travel time spent in this place.
 C = Inter-level travel time spent in this place.
 D = Time resting spent in this place.
 E = Time spent auto-exploring this place.
 F = Levels seen in this place.
 G = Mean time per level.
                   A        B        C        D        E       F      G
               +--------+--------+--------+--------+--------+-----+--------+
         Total |  17048 |  16388 |    660 |   3238 |  10168 |  19 |  897.3 |
       Dungeon |  10886 |  10425 |    461 |   1011 |   7820 |  11 |  989.6 |
        Temple |    111 |    111 |      0 |      0 |     84 |   1 |  111.0 |
          Lair |   4003 |   3805 |    198 |   1330 |   1743 |   4 | 1000.8 |
        Bailey |    389 |    389 |      0 |    124 |    172 |   1 |  389.0 |
       Volcano |    628 |    628 |      0 |    232 |    231 |   1 |  628.0 |
      Gauntlet |   1028 |   1028 |      0 |    541 |    118 |   1 | 1028.0 |
               +--------+--------+--------+--------+--------+-----+--------+

Top non-repeatable levels by time:
     D:7: 1545 daAuts
     D:8: 1432 daAuts
    D:10: 1236 daAuts
     D:4: 1235 daAuts
     D:9: 1171 daAuts
  Lair:2: 1154 daAuts
     D:5: 1127 daAuts
  Lair:3: 1122 daAuts
  Lair:1: 1062 daAuts
     D:6: 1029 daAuts
Gauntlet: 1028 daAuts
     D:2: 946 daAuts
  Lair:4: 663 daAuts
     D:3: 654 daAuts
 Volcano: 628 daAuts
